AoeStats
← tilmanv

Arena

508316184Analyzed
4v4 RM · 12d ago on Sep 21, 2026· 45m 1s· 8 players
Game mode
Random Map
Map size
Large (8 player)
Population
200
Speed
Normal
Resources
Standard
Victory
Conquest
Starting age
Dark Age
Ending age
Imperial Age
RankedLock teamsTeams togetherTeam positionsShared explorationLock speedFull tech treeHidden civsTurbo modeCheats
Victory
Defeat
🇺🇸 Poles · United States
1115
+14
🇨🇦 Hindustanis · Canada
1114
+14
🇺🇸 Mongols · United States
1100
+15
🇨🇦 Inca · Canada
1097
+15
🇺🇸 Franks · United States
1116
-15
🇦🇷 Vietnamese · Argentina
1099
-16
🇩🇪 Teutons · Germany
1061
-14
🇫🇷 Britons · France
1047
-13
BallonPrince5
11:20 Feudal Age
12:03 Double-Bit Axe
14:52 Castle Age
13:12 Horse Collar
15:47 Bow Saw
16:42 Wheelbarrow
17:53 Heavy Plow
21:38 Gold Mining
24:33 Hand Cart
24:14 Loom
25:15 Scale Barding Armor
28:13 Imperial Age
25:55 Forging
26:57 Gold Shaft Mining
27:14 Chain Barding Armor
27:29 Iron Casting
27:44 Bloodlines
28:01 Stone Mining
28:52 Husbandry
28:17 Heavy Camel Rider
29:57 Plate Barding Armor
30:40 Chemistry
30:27 Stone Shaft Mining
31:16 Blast Furnace
31:31 Two-Man Saw
31:48 Fervor
31:04 Light Cavalry
31:05 Imperial Camel Rider
32:23 Conscription
32:46 Grand Trunk Road
32:47 Town Watch
33:47 Coinage
33:28 Fletching
34:05 Masonry
34:57 Banking
34:49 Padded Archer Armor
35:35 Murder Holes
35:53 Shatagni
36:29 Hoardings
36:54 Leather Archer Armor
36:57 Bodkin Arrow
37:56 Siege Engineers
38:02 Fortified Wall
38:41 Ring Archer Armor
38:13 Bracer
39:29 Ballistics
在里面
11:22 Feudal Age
10:26 Loom
12:08 Double-Bit Axe
12:57 Horse Collar
17:58 Castle Age
21:54 Loom
21:54 Town Watch
23:18 Wheelbarrow
22:54 Gold Mining
24:32 Heavy Plow
25:23 Bow Saw
30:59 Imperial Age
28:45 Hand Cart
30:14 Squires
29:35 Pikeman
29:35 Champi Runner
30:01 Arson
31:44 Gold Shaft Mining
31:00 Stone Mining
31:17 Town Patrol
31:22 Murder Holes
31:08 Treadmill Crane
31:49 Ballistics
31:39 Fortified Wall
31:46 Masonry
31:54 Forging
31:44 Scale Mail Armor
31:35 Fletching
31:45 Padded Archer Armor
31:08 Champi Warrior
32:32 Conscription
32:24 Andean Sling
32:49 Elite Champi Warrior
35:30 Iron Casting
35:10 Chain Mail Armor
34:50 Bodkin Arrow
35:10 Leather Archer Armor
35:46 Halberdier
37:06 Crop Rotation
37:11 Stone Shaft Mining
39:24 Chemistry
39:06 Fabric Shields
39:43 Hoardings
42:44 Blast Furnace
42:14 Plate Mail Armor
42:14 Ring Archer Armor
44:35 Elite Kamayuk
44:47 Sappers
45:32 Bracer
Madness_longbow
10:38 Feudal Age
9:30 Loom
12:54 Wheelbarrow
15:16 Castle Age
13:20 Horse Collar
13:28 Double-Bit Axe
16:27 Bow Saw
18:21 Hand Cart
21:18 Fletching
21:30 Stone Mining
23:09 Heavy Plow
24:26 Gold Mining
27:13 Gold Shaft Mining
31:09 Imperial Age
30:44 Ballistics
31:12 Husbandry
31:22 Bloodlines
30:34 Crossbowman
31:20 Thumb Ring
33:41 Conscription
32:43 Elite Mangudai
33:39 Bodkin Arrow
33:44 Padded Archer Armor
34:42 Parthian Tactics
33:51 Light Cavalry
34:35 Bracer
34:32 Onager
35:00 Hussar
36:57 Leather Archer Armor
36:48 Scale Barding Armor
39:11 Chemistry
38:24 Forging
39:16 Drill
38:58 Nomads
39:59 Siege Onager
POOPDAD
10:26 Feudal Age
11:00 Double-Bit Axe
17:43 Castle Age
18:43 Loom
20:15 Fletching
24:56 Town Watch
25:04 Elite Skirmisher
26:01 Bodkin Arrow
27:23 Horse Collar
30:20 Wheelbarrow
30:27 Treadmill Crane
33:43 Imperial Age
31:33 Padded Archer Armor
31:39 Scale Barding Armor
31:44 Forging
31:55 Heavy Plow
32:14 Hand Cart
31:42 Light Cavalry
32:22 Husbandry
32:58 Ballistics
33:07 Bloodlines
33:39 Szlachta Privileges
34:20 Thumb Ring
34:47 Conscription
35:37 Chemistry
35:04 Chain Barding Armor
35:21 Iron Casting
34:29 Cavalier
42:45 Blast Furnace
41:48 Bracer
42:03 Leather Archer Armor
41:58 Winged Hussar
43:00 Lechitic Legacy
razors-38i
10:39 Feudal Age
14:44 Castle Age
13:41 Double-Bit Axe
16:09 Horse Collar
23:29 Loom
25:33 Pikeman
27:24 Treadmill Crane
31:21 Imperial Age
29:24 Gold Mining
29:25 Stone Mining
29:41 Squires
29:28 Gambesons
29:49 Scale Mail Armor
31:44 Halberdier
33:02 Forging
32:43 Fletching
33:09 Chain Mail Armor
32:55 Padded Archer Armor
37:50 Iron Casting
37:11 Bodkin Arrow
38:37 Conscription
42:34 Blast Furnace
Kowalski
10:00 Feudal Age
12:24 Loom
15:21 Castle Age
15:51 Double-Bit Axe
17:04 Town Watch
22:50 Wheelbarrow
29:27 Imperial Age
28:20 Husbandry
28:27 Scale Barding Armor
28:44 Masonry
29:54 Devotion
30:17 Chain Barding Armor
30:09 Forging
30:31 Conscription
30:06 Cavalier
32:52 Chemistry
32:49 Iron Casting
32:10 Gold Mining
33:34 Siege Engineers
33:53 Paladin
36:09 Plate Barding Armor
37:10 Blast Furnace
35:32 Light Cavalry
38:08 Architecture
38:42 Caravan
40:20 Pikeman
41:01 Squires
41:04 Scale Mail Armor
42:09 Chain Mail Armor
41:54 Halberdier
43:46 Plate Mail Armor
tilmanv
13:44 Feudal Age
15:20 Wheelbarrow
14:32 Double-Bit Axe
14:41 Gold Mining
17:37 Castle Age
15:49 Stone Mining
16:46 Horse Collar
18:57 Hand Cart
19:31 Bow Saw
30:47 Imperial Age
28:02 Loom
28:03 Town Watch
28:32 Bloodlines
28:51 Forging
28:47 Scale Barding Armor
28:44 Heavy Plow
31:01 Iron Casting
30:46 Chain Barding Armor
31:03 Cavalier
32:46 Blast Furnace
32:22 Plate Barding Armor
33:13 Two-Man Saw
33:27 Crop Rotation
32:53 Paladin
38:34 Conscription
38:59 Scale Mail Armor
40:44 Pikeman
41:24 Squires
41:10 Arson
42:11 Halberdier
44:59 Chain Mail Armor
45:09 Fortified Wall
-LN- manqueo
2:29 Loom
12:05 Feudal Age
12:47 Horse Collar
12:53 Double-Bit Axe
15:51 Stone Mining
20:09 Castle Age
18:56 Gold Mining
19:11 Padded Archer Armor
19:01 Fletching
21:11 Bow Saw
21:16 Elite Skirmisher
23:44 Town Watch
24:06 Bodkin Arrow
25:39 Wheelbarrow
27:13 Leather Archer Armor
35:57 Imperial Age
34:51 Fortified Wall
34:23 Treadmill Crane
35:04 Ballistics
35:49 Heavy Plow
36:03 Crossbowman
37:56 Chemistry
36:30 Imperial Skirmisher
39:57 Arbalester
40:44 Thumb Ring
40:38 Murder Holes
41:07 Paper Money
Connection lost

Rejoining the realm…

Still unreachable

The connection could not be restored.

Session expired

The server has moved on; the page needs a fresh start.